AoeStats
← superdonk

Golden Pit

509132023Analyzed
1v1 RM · 5d ago on Sep 25, 2026· 55m 5s· 2 players
Game mode
Random Map
Map size
Tiny (2 player)
Population
200
Speed
Normal
Resources
Standard
Victory
Conquest
Starting age
Dark Age
Ending age
Imperial Age
RankedLock teamsTeams togetherTeam positionsShared explorationLock speedFull tech treeHidden civsTurbo modeCheats
Victory
Defeat
🇳🇴 Khmer · Norway
964
+16
🇪🇸 Malay · Spain
964
-16
superdonk
10:44 Feudal Age
11:27 Double-Bit Axe
11:25 Horse Collar
13:52 Wheelbarrow
16:31 Castle Age
15:49 Gold Mining
16:22 Bloodlines
17:45 Bow Saw
17:38 Heavy Plow
26:11 Stone Mining
28:05 Stone Shaft Mining
33:16 Imperial Age
31:33 Loom
31:34 Town Watch
34:21 Double Crossbow
39:51 Hand Cart
40:06 Conscription
40:27 Gold Shaft Mining
44:43 Tusk Swords
46:05 Elite Battle Elephant
48:37 Husbandry
49:24 Scale Barding Armor
49:30 Forging
50:50 Iron Casting
50:35 Chain Barding Armor
51:59 Plate Barding Armor
53:35 Blast Furnace
tinuss
11:12 Feudal Age
10:03 Loom
12:40 Double-Bit Axe
20:22 Castle Age
19:48 Forging
20:58 Wheelbarrow
19:57 Pikeman
21:53 Bow Saw
25:42 Fletching
27:57 Padded Archer Armor
30:56 Bodkin Arrow
31:31 Stone Mining
36:46 Imperial Age
34:10 Gold Mining
34:50 Hand Cart
37:08 Bracer
37:20 Horse Collar
37:19 Elite Battle Elephant
38:43 Scale Barding Armor
39:13 Iron Casting
42:58 Halberdier
55:21 Blast Furnace
Connection lost

Rejoining the realm…

Still unreachable

The connection could not be restored.

Session expired

The server has moved on; the page needs a fresh start.